Map: Blackburn LE

Players

Neeb

  • Race: Protoss Protoss

Scarlett - Winner!

  • Race: Zerg Zerg

Event: DreamHack SC2 Masters 2021 Fall

VOD

Have the link to the VOD?

Description

Time

  • Played on: Aug. 15, 2021, 5:58 p.m.
  • Length: 13:26

All games in this series

Show
View Real Time Build Order
Export as new Build Order

Neeb Protoss 

Build Orders: 1 Gate Expand, Oracle Opening, Archon Immortal 

Get SALT Encoding   

  12  0:00  Probe  
  13  0:12  Probe  
  14  0:20  Pylon  
  14  0:25  Probe  
  15  0:38  Probe (Chrono Boost)  
  15  0:41  Gateway  
  16  0:47  Probe (Chrono Boost)  
  17  0:50  Assimilator  
  17  0:53  Probe  
  18  1:05  Probe  
  19  1:17  Probe  
  20  1:27  Nexus  
  20  1:39  Cybernetics Core  
  20  1:43  Probe  
  21  1:49  Assimilator  
  21  1:55  Probe  
  21  1:58  Pylon  
  22  2:07  Probe (Chrono Boost)  
  23  2:16  Stargate  
  23  2:17  Probe (Chrono Boost)  
  23  2:19  Adept (Chrono Boost)  
  26  2:24  Probe  
  26  2:28  Warp Gate  
  27  2:36  Probe  
  28  2:39  Probe  
  28  2:41  Adept  
  31  2:48  Probe  
  32  2:51  Probe  
  32  2:56  Oracle (Chrono Boost)  
  33  3:00  Probe  
  33  3:03  Probe  
  38  3:06  Pylon  
  39  3:12  Probe  
  39  3:15  Probe  
  39  3:19  Void Ray (Chrono Boost)  
  42  3:20  Gateway  
  40  3:29  Probe  
  40  3:31  Probe  
  46  3:34  Adept  
  46  3:40  Pylon  
  48  3:41  Probe  
  48  3:43  Probe  
  50  3:53  Probe  
  51  3:56  Oracle (Chrono Boost), Probe  
  55  4:05  Probe  
  55  4:08  Probe  
  55  4:09  Pylon  
  57  4:17  Probe  
  57  4:21  Nexus  
  58  4:25  Adept x2  
  58  4:28  Probe  
  59  4:36  Assimilator x2, Robotics Facility  
  59  4:37  Probe  
  60  4:40  Probe  
  61  4:49  Probe  
  61  4:51  Forge  
  61  4:52  Probe  
  63  4:59  Adept x2  
  67  5:01  Probe  
  67  5:04  Pylon, Probe  
  69  5:08  Twilight Council  
  69  5:13  Pylon, Probe  
  70  5:22  Shield Battery, Probe (Chrono Boost)  
  70  5:23  Sentry x2  
  70  5:26  Probe (Chrono Boost)  
  76  5:29  Protoss Ground Weapons Level 1  
  76  5:33  Probe (Chrono Boost)  
  79  5:36  Probe (Chrono Boost)  
  79  5:37  Probe (Chrono Boost)  
  79  5:41  Immortal (Chrono Boost)  
  84  5:43  Probe (Chrono Boost)  
  84  5:45  Probe (Chrono Boost)  
  84  5:47  Probe (Chrono Boost)  
  87  5:51  Gateway, Probe x2 (Chrono Boost)  
  87  5:52  Gateway  
  87  5:54  Probe  
  89  5:57  Charge (Chrono Boost)  
  89  6:01  Assimilator, Pylon  
  89  6:04  Probe  
  90  6:05  Probe  
  90  6:06  Assimilator, Probe  
  90  6:16  Probe  
  95  6:18  Immortal (Chrono Boost)  
  95  6:21  Templar Archives  
  95  6:22  Gateway x2  
  95  6:25  Probe  
  95  6:26  Probe  
  97  6:34  Gateway  
  97  6:35  Gateway  
  97  6:38  Gateway  
  97  6:42  Observer (Chrono Boost)  
  97  6:45  Zealot x3  
  104  6:52  Zealot  
  106  6:54  Pylon  
  106  6:56  Pylon  
  106  7:04  Probe x2  
  108  7:10  Immortal (Chrono Boost)  
  108  7:11  Nexus  
  108  7:13  Pylon, High Templar x2  
  108  7:14  High Templar  
  108  7:15  High Templar  
  120  7:17  Probe  
  120  7:19  Archon  
  120  7:20  Archon  
  120  7:21  Probe  
  122  7:26  Gateway  
  122  7:30  Pylon, Probe  
  122  7:36  High Templar x2, Zealot x2  
  132  7:42  Archon  
  132  7:43  Shield Battery, Photon Cannon  
  133  7:46  Immortal (Chrono Boost)  
  133  7:49  Shield Battery  
  135  7:51  Zealot x2  
  135  7:52  Shield Battery  
  136  8:10  Zealot x2  
  140  8:14  Psionic Storm  
  140  8:17  Pylon  
  140  8:18  Probe  
  140  8:19  Pylon  
  141  8:20  Pylon  
  141  8:21  Pylon  
  141  8:24  Probe x2  
  141  8:25  Warp Prism (Chrono Boost)  
  141  8:26  Protoss Ground Weapons Level 2 (Chrono Boost), Probe  
  148  8:31  High Templar x4  
  148  8:33  Photon Cannon  
  154  8:37  Probe x3  
  157  8:42  Photon Cannon  
  157  8:45  Shield Battery  
  157  8:51  Assimilator  
  157  8:52  Assimilator  
  157  8:55  Pylon  
  157  9:07  High Templar x2, Zealot  
  157  9:08  Zealot x6  
  175  9:11  Immortal (Chrono Boost)  
  175  9:12  Pylon  
  177  9:20  Gateway  
  177  9:21  Gateway  
  177  9:25  Gateway  
  176  9:32  Stalker x5  
  176  9:34  Stalker x2  
  153  9:55  Phoenix  
  153  9:56  High Templar  
  153  9:57  High Templar x2  
  153  9:59  High Templar  
  142  10:02  Shield Battery x2  
  142  10:04  Archon x2  
  142  10:05  Shield Battery  
  122  10:28  Phoenix  
  124  10:30  Observer  
  124  10:32  Photon Cannon x2  
  124  10:34  Photon Cannon  
  118  10:37  Photon Cannon  
  118  10:39  Shield Battery  
  101  10:46  Shield Battery  
  93  10:58  Archon  
  67  12:07  Zealot x2  
Show
View Real Time Build Order
Export as new Build Order

Scarlett Zerg - Winner!

Build Orders: Hatch First, Muta Ling Bane 

Get SALT Encoding   

  12  0:00  Drone  
  13  0:12  Overlord  
  13  0:16  Drone  
  14  0:30  Drone x2  
  16  0:43  Drone  
  17  0:51  Hatchery  
  17  0:54  Drone  
  17  0:58  Drone  
  18  1:08  Extractor  
  17  1:12  Spawning Pool  
  17  1:15  Drone  
  17  1:20  Drone  
  18  1:28  Drone  
  19  1:38  Drone  
  20  1:48  Overlord  
  20  2:00  Queen  
  22  2:02  Queen  
  22  2:03  Zergling x2, Drone  
  26  2:11  Metabolic Boost  
  26  2:13  Drone  
  27  2:16  Drone  
  28  2:24  Drone x2  
  30  2:34  Drone  
  31  2:37  Drone  
  31  2:42  Queen  
  34  2:49  Hatchery  
  34  2:51  Overlord  
  33  2:54  Zergling x2  
  33  2:57  Drone  
  33  2:58  Drone  
  36  3:08  Overlord  
  36  3:11  Drone x4  
  40  3:15  Drone x2  
  40  3:19  Queen  
  44  3:25  Overlord  
  44  3:28  Queen  
  44  3:31  Drone  
  47  3:35  Drone  
  47  3:40  Zergling x4  
  50  3:42  Zergling x4  
  50  3:46  Overlord  
  51  3:54  Drone x5  
  53  3:58  Spore Crawler  
  51  4:06  Queen  
  51  4:08  Drone  
  51  4:10  Drone x2  
  51  4:16  Drone x3  
  55  4:25  Drone  
  55  4:26  Drone x4  
  55  4:27  Drone  
  59  4:31  Drone  
  59  4:32  Drone  
  59  4:34  Drone  
  62  4:45  Drone x6  
  68  4:52  Spore Crawler  
  67  4:53  Spore Crawler  
  67  4:56  Drone x3  
  67  4:57  Roach Warren  
  67  4:59  Extractor  
  67  5:00  Overlord  
  67  5:02  Extractor, Drone x2  
  67  5:06  Drone x3  
  71  5:09  Drone x2  
  71  5:13  Lair  
  73  5:17  Extractor, Overlord  
  73  5:18  Extractor  
  73  5:19  Drone  
  73  5:20  Drone x2  
  74  5:22  Zergling x4  
  74  5:26  Overlord  
  74  5:27  Zergling x6  
  79  5:35  Overlord  
  79  5:36  Drone x4  
  79  5:40  Extractor  
  82  5:48  Hatchery  
  81  5:55  Drone x10  
  89  6:04  Evolution Chamber  
  89  6:06  Drone x5  
  91  6:12  Glial Reconstitution  
  91  6:15  Overlord x4  
  91  6:26  Drone  
  91  6:27  Drone  
  93  6:33  Overlord  
  93  6:34  Zerg Missile Weapons Level 1  
  93  6:35  Roach x7  
  107  6:44  Roach x5  
  117  6:52  Drone x3  
  120  7:00  Drone x6  
  126  7:06  Ravager x12  
  137  7:10  Drone, Spire  
  137  7:11  Roach x3  
  137  7:13  Extractor  
  137  7:14  Roach x2  
  137  7:15  Overlord  
  146  7:18  Overlord  
  146  7:20  Roach x3  
  152  7:25  Extractor  
  151  7:33  Drone  
  151  7:34  Spore Crawler  
  151  7:35  Overlord x3  
  151  7:36  Overlord x2  
  151  7:37  Zergling x2  
  151  7:38  Zergling x8  
  151  7:40  Drone, Baneling Nest  
  151  7:41  Overseer  
  156  7:44  Drone  
  156  7:45  Overlord  
  156  7:46  Overlord x2  
  156  7:50  Zergling x6  
  160  7:54  Hatchery  
  160  7:56  Zergling x2  
  160  7:57  Zergling x8  
  156  8:16  Drone  
  156  8:18  Zergling x20  
  164  8:25  Mutalisk x4  
  169  8:29  Centrifical Hooks  
  169  8:30  Mutalisk x5  
  179  8:36  Zerg Flyer Weapons Level 1  
  179  8:42  Mutalisk x3  
  179  8:48  Extractor x2, Mutalisk  
  183  8:50  Mutalisk  
  183  8:52  Drone x2  
  183  8:53  Drone x4  
  193  8:59  Mutalisk x2  
  196  9:05  Mutalisk  
  196  9:07  Zergling x16  
  196  9:08  Zergling x2  
  197  9:13  Hatchery  
  196  9:18  Mutalisk x2  
  200  9:24  Baneling x11  
  193  9:48  Spire  
  193  9:51  Mutalisk x5  
  172  9:55  Zergling x12  
  172  9:56  Zergling x28  
  176  10:02  Mutalisk x2  
  176  10:09  Overlord x3  
  176  10:10  Spawning Pool  
  162  10:17  Mutalisk x3  
  151  10:21  Zergling x8  
  151  10:22  Zergling x2  
  128  10:50  Extractor  
  128  10:53  Extractor, Hatchery  
  114  11:06  Mutalisk x2  
  116  11:22  Zergling x4  
  117  11:43  Hatchery  
  113  11:49  Mutalisk x2  
  113  11:51  Zergling x4  
  119  11:55  Zergling x2  
  120  12:05  Mutalisk  
  120  12:08  Zergling x6  
  125  12:18  Drone  
  119  12:51  Hatchery  

Tags
 
Add a new tag
Caveats
  • Supply blocks, unpowered buildings, or Contaminate may cause inaccurate times.
  • Supply counts are checked every 10 seconds.